 Dungeon Crawl Stone Soup version 0.24.0-123-gd5b16e6ec5 (webtiles) character file.

Game seed: 7468505654556798657, levelgen mode: deterministic

7498 FishyPogo the Fighter (level 10, 0/86 HPs)
             Began as a Demonspawn Berserker on Dec 23, 2019.
             Was a High Priest of Trog.
             Slain by a basilisk (2 damage)
             ... while petrified by a basilisk
             ... on level 10 of the Dungeon.
             The game lasted 00:39:44 (8918 turns).

FishyPogo the Fighter (Demonspawn Berserker)        Turns: 8918, Time: 00:39:45

Health: 0/86       AC: 12    Str: 20    XL:     10   Next: 95%
Magic:  10/10      EV:  2    Int:  9    God:    Trog [*****.]
Gold:   373        SH:  0    Dex: 17    Spells: 9/9 levels left

rFire    . . .     SeeInvis .   W - +4 dire flail
rCold    . . .     Gourm    .   (shield currently unavailable)
rNeg     + + +     Faith    .   C - +3 leather armour
rPois    ∞         Spirit   .   (no helmet)
rElec    +         Reflect  .   o - +2 cloak
rCorr    .         Harm     .   (no gloves)
MR       +....                  (no boots)
Stlth    ..........             m - amulet of Xom's Full Attention {Acrobat rElec MR+}
HPRegen  0.24/turn              H - +4 ring of dexterity
MPRegen  0.12/turn              x - ring of attention

@: petrified, berserk cooldown, slowed
A: talons 2, molten scales 1, demonic guardian 1
a: Berserk, Trog's Hand, Brothers in Arms, Renounce Religion


You were on level 10 of the Dungeon.
You worshipped Trog.
Trog was extremely pleased with you.
You were hungry.

You visited 1 branch of the dungeon, and saw 10 of its levels.
You also visited: Sewer.

You collected 656 gold pieces.
You spent 283 gold pieces at shops.

Inventory:

Hand Weapons
 l - a +2 whip of freezing
 W - a +4 dire flail (weapon)
Missiles
 e - 288 stones (quivered)
 K - 5 datura-tipped darts
 L - 5 javelins
 R - 8 boomerangs
Armour
 j - the +0 robe "Xanoolew" {rPois rF- Slay+3}
   (You bought it in a shop on level 6 of the Dungeon)

   It affects your accuracy and damage with ranged weapons and melee attacks
   (+3).
   It makes you vulnerable to fire.
   It protects you from poison.
 o - a +2 cloak (worn)
 C - a +3 leather armour (worn)
 I - +0 steam dragon scales
 U - a +0 shield
Jewellery
 m - the amulet of Xom's Full Attention (around neck) {Acrobat rElec MR+}
   (You found it on level 5 of the Dungeon)

   [amulet of the acrobat]

   It helps you evade while moving and waiting.
   It insulates you from electricity.
   It affects your resistance to hostile enchantments.
 x - a ring of attention (right hand)
 B - an uncursed ring of see invisible
 E - an uncursed ring of flight
 H - a +4 ring of dexterity (left hand)
 M - an uncursed ring of stealth
 Y - an uncursed amulet of rage {unknown}
Wands
 f - a wand of flame (35)
 v - a wand of acid (5)
 A - a wand of polymorph (22)
 D - a wand of iceblast (7)
 N - a wand of enslavement (10)
Scrolls
 a - 2 scrolls of amnesia {unknown}
 d - 12 scrolls of identify {unknown}
 i - 4 scrolls of remove curse
 k - a scroll of enchant weapon
 r - a scroll of fear
 u - 3 scrolls of teleportation {unknown}
 w - a scroll of immolation {unknown}
 z - a scroll of silence {unknown}
 G - a scroll of blinking {unknown}
 J - a scroll of fog {unknown}
 P - a scroll of magic mapping
 T - a scroll of enchant armour
Potions
 b - 2 potions of cancellation {unknown}
 g - 2 potions of haste
 h - 7 potions of curing
 n - a potion of lignification
 p - a potion of brilliance
 q - 2 potions of degeneration {unknown}
 s - 3 potions of mutation {unknown}
 t - a potion of resistance {unknown}
 F - a potion of ambrosia {unknown}
 Q - a potion of invisibility {unknown}
 V - a potion of might
Comestibles
 c - 19 rations
 Z - 5 chunks of flesh


   Skills:
 * Level 10.6 Fighting
   Level 3.0 Short Blades
 + Level 5.6 Maces & Flails
   Level 1.1 Polearms
 + Level 6.3 Throwing
 + Level 6.5 Armour
 - Level 5.0 Dodging
 * Level 3.2 Shields


You had 9 spell levels left.
You didn't know any spells.
Your spell library contained the following spells:

 Spells                   Type           Power        Failure   Level  Hunger
 Confusing Touch          Hex            #.....       43%         1    ##.....
 Corona                   Hex            #......      43%         1    ##.....
 Magic Dart               Conj           #...         43%         1    ##.....
 Blink                    Tloc           N/A          56%         2    ###....
 Call Imp                 Summ           #.......     56%         2    ###....
 Ensorcelled Hibernation  Hex/Ice        #.....       56%         2    ###....
 Slow                     Hex            #.......     56%         2    ###....
 Confuse                  Hex            #.......     80%         3    ####...
 Conjure Flame            Conj/Fire      #.......     80%         3    ####...
 Dazzling Spray           Conj/Hex       #.....       80%         3    ####...
 Gell's Gravitas          Tloc           #.........   80%         3    ####...
 Mephitic Cloud           Conj/Pois/Air  #.......     80%         3    ####...
 Tukima's Dance           Hex            #.......     80%         3    ####...
 Petrify                  Tmut/Erth      #.......     99%         4    #####..
 Metabolic Englaciation   Hex/Ice        #.........   100%        5    ######.
 Yara's Violent Unravell  Hex/Tmut       #.........   100%        5    ######.


Dungeon Overview and Level Annotations

Branches:
Dungeon (10/15)            Temple (0/1) D:6            Lair (0/6) D:10
  Sewer (visited)
    Orc: D:9-12

Altars:
Ashenzari
Elyvilon
Fedhas
Gozag
Hepliaklqana
Nemelex Xobeh
Qazlal
Vehumet
Wu Jian
Yredelemnul

Shops:
D:6 =%*%[

Annotations:
D:8 3 runed translucent doors, Kobolds4U's ghost, novice DECj


Innate Abilities, Weirdness & Mutations

You have razor-sharp toenails.
You are partially covered in molten scales. (AC +2)
A weak demonic guardian rushes to your aid.


Message History

The yak gores you!
* * * LOW HITPOINT WARNING * * *
Your quasit bites the yak.
Your quasit barely misses the yak.
Your quasit claws the yak but does no damage.
The basilisk gazes at you. You resist with almost no effort.
The crocodile bites you!
* * * LOW HITPOINT WARNING * * *
Your iron imp hits the yak!
The yak gores you.
* * * LOW HITPOINT WARNING * * *
The yak gores you!
* * * LOW HITPOINT WARNING * * *
Your quasit bites the yak.
Your quasit claws the yak.
Your quasit barely misses the yak.
The basilisk bites you but does no damage.
The crocodile barely misses you. The yak gores you but does no damage.
Your quasit barely misses the yak.
Your quasit claws the yak.
Your quasit claws the yak but does no damage.
Your iron imp hits the yak!
The yak gores your quasit! The basilisk bites you.
You die...

♣...P......†?#...##........
.....P...###.############+#
........# #..# ..P.(P# #.##
♣.P(###.##### #.(.....<.#
#.........###
#..lYt........
#..Y@†>...###. #..55.....#
#.........# #.........#
#######.### .# ##


You could see 2 yaks, a basilisk, a crocodile, a friendly iron imp and a
friendly quasit.

Vanquished Creatures
  Harold (D:7)
  Urug (D:10)
  An orange crystal statue (D:7)
  Joseph (D:7)
  Sigmund (D:3)
  A yak (D:10)
  A hungry ghost (D:9)
  Grum (D:8)
  A steam dragon (D:7)
  3 porcupines (D:10)
  An orc warrior (D:6)
  A sky beast (D:7)
  A necrophage (D:8)
  4 ogres
  2 phantoms
  3 wolves (D:8)
  3 centaurs
  4 crocodiles (D:10)
  3 bullfrogs
  2 big kobolds
  A gnoll sergeant (D:8)
  A wyvern zombie (D:10)
  3 scorpions
  A water moccasin skeleton (D:9)
  6 killer bees (D:8)
  3 howler monkeys
  3 electric eels (D:7)
  3 crimson imps
  2 quasits
  Crazy Yiuf (D:2)
  4 hounds
  2 iguanas
  A bullfrog skeleton (D:9)
  Natasha (twice) (D:2)
  3 orc wizards
  6 worker ants
  2 hound zombies
  A hound skeleton (D:6)
  A worker ant zombie (D:8)
  Robin (D:3)
  11 adders
  3 gnolls (D:8)
  A shadow imp (D:8)
  An ooze (D:2)
  3 adder zombies
  An adder skeleton (D:4)
  A dart slug (D:2)
  7 worms
  6 leopard geckos
  15 orcs
  10 giant cockroaches
  6 hobgoblins
  10 jackals
  A quokka (D:2)
  8 bats
  6 frilled lizards
  18 goblins
  A jackal skeleton (D:7)
  20 kobolds
  3 leopard gecko zombies
  A quokka skeleton (D:5)
  10 rats
  A spectral orc (D:3)
227 creatures vanquished.

Vanquished Creatures (collateral kills)
  A two-headed ogre (D:9)
  A spriggan (D:7)
  A porcupine (D:10)
  An ice beast (D:7)
  3 bullfrogs
  A centaur zombie (D:7)
  2 orc wizards (D:7)
  Natasha (D:2)
  A worker ant zombie (D:7)
  A gnoll (D:8)
  3 leopard geckos
  An orc (D:7)
  A rat (D:2)
18 creatures vanquished.

Vanquished Creatures (others)
  A bat (D:2)
  A fungus (D:10)
  A plant (D:10)
3 creatures vanquished.

Grand Total: 248 creatures vanquished

Notes
Turn   | Place    | Note
-------+----------+-------------------------------------------
     0 | D:1      | FishyPogo the Demonspawn Berserker began the quest for the
                  | Orb.
     0 | D:1      | Reached XP level 1. HP: 18/18 MP: 1/1
   149 | D:1      | Gained mutation: You have sharp toenails. [demonic
                  | ancestry]
   149 | D:1      | Reached XP level 2. HP: 14/24 MP: 2/2
   667 | D:1      | Reached ** piety under Trog
  1054 | D:2      | Gained mutation: A weak demonic guardian rushes to your
                  | aid. [demonic ancestry]
  1054 | D:2      | Reached XP level 3. HP: 28/29 MP: 3/3
  1369 | D:2      | Noticed Natasha
  1377 | D:2      | Killed Natasha
  1377 | D:2      | Reached XP level 4. HP: 9/37 MP: 4/4
  1669 | D:2      | Found a runed translucent door.
  1670 | D:2      | Noticed Crazy Yiuf
  1750 | D:2      | Noticed Natasha
  1756 | D:2      | Killed Natasha
  1756 | D:2      | Reached skill level 1 in Maces & Flails
  1772 | D:2      | Noticed Natasha
  1780 | D:2      | HP: 1/37 [Natasha/puff of flame (11)]
  1788 | D:2      | Killed Natasha
  1927 | D:2      | Found a faded altar of an unknown god.
  1962 | D:2      | Found a white marble altar of Elyvilon.
  2302 | D:2      | Killed Crazy Yiuf
  2302 | D:2      | Reached skill level 4 in Fighting
  2302 | D:2      | Gained mutation: You are partially covered in molten
                  | scales. (AC +2) [demonic ancestry]
  2302 | D:2      | Reached XP level 5. HP: 42/42 MP: 5/5
  2371 | D:3      | Found a basalt altar of Yredelemnul.
  2553 | D:3      | Found a stormy altar of Qazlal.
  2663 | D:3      | Reached *** piety under Trog
  2664 | D:3      | Reached skill level 1 in Throwing
  2664 | D:3      | Noticed Robin
  2672 | D:3      | Killed Robin
  2730 | D:3      | Noticed Sigmund
  2735 | D:3      | Killed Sigmund
  2735 | D:3      | Reached XP level 6. HP: 49/49 MP: 6/6
  3760 | D:4      | Reached XP level 7. HP: 55/55 MP: 7/7
  3993 | D:5      | Entered Level 5 of the Dungeon
  4040 | D:5      | Reached skill level 5 in Fighting
  4043 | D:5      | Got an ancient lead amulet
  4044 | D:5      | Identified the amulet of Xom's Full Attention {Acrobat
                  | rElec MR+} (You found it on level 5 of the Dungeon)
  4132 | D:5      | Found a glowing drain.
  4147 | Sewer    | Entered a sewer
  4150 | Sewer    | Reached **** piety under Trog
  4245 | Sewer    | Found a glowing silver altar of Zin.
  4847 | D:5      | Reached XP level 8. HP: 55/63 MP: 8/8
  5010 | D:6      | Found Voily's Assorted Antiques.
  5023 | D:6      | Found Xorulaf's Food Shoppe.
  5024 | D:6      | Found Reidac's Food Emporium.
  5078 | D:6      | Found a white marble altar of Elyvilon.
  5335 | D:6      | Found a staircase to the Ecumenical Temple.
  5346 | D:6      | Reached ***** piety under Trog
  5354 | D:6      | Reached skill level 6 in Fighting
  5393 | D:6      | Found Puam's Antique Armour Shop.
  5524 | D:6      | Found Quradoppe's Jewellery Shoppe.
  5548 | D:6      | Bought a scroll labeled GIDAECVOUS for 28 gold pieces
  5548 | D:6      | Bought a scroll labeled OQIWIQ NEDIGG for 28 gold pieces
  5548 | D:6      | Bought a scroll labeled GEKKIL HOOKH for 28 gold pieces
  5548 | D:6      | Bought a scroll labeled ZELYNUQOTU for 28 gold pieces
  5645 | D:6      | Bought a shadowed robe for 171 gold pieces
  5655 | D:6      | Identified the cursed +0 robe "Xanoolew" {rPois rF- Slay+3}
                  | (You bought it in a shop on level 6 of the Dungeon)
  5740 | D:7      | Reached skill level 5 in Dodging
  5761 | D:7      | Reached skill level 5 in Armour
  5811 | D:7      | Found a shattered altar of Ashenzari.
  5812 | D:7      | Found an ornate altar of the Wu Jian Council.
  5820 | D:7      | Noticed Joseph
  5828 | D:7      | Found a hazy altar of Hepliaklqana.
  5836 | D:7      | Killed Joseph
  5836 | D:7      | Reached skill level 7 in Fighting
  5836 | D:7      | Gained mutation: You have razor-sharp toenails. [demonic
                  | ancestry]
  5836 | D:7      | Reached XP level 9. HP: 72/72 MP: 9/9
  6029 | D:7      | Reached skill level 5 in Maces & Flails
  6084 | D:7      | Noticed Harold
  6106 | D:7      | Killed Harold
  6106 | D:7      | Reached skill level 8 in Fighting
  6196 | D:7      | Found a sparkling altar of Nemelex Xobeh.
  6426 | D:7      | Noticed an orange crystal statue
  6455 | D:7      | Killed an orange crystal statue
  6455 | D:7      | Reached skill level 9 in Fighting
  6455 | D:7      | Reached skill level 5 in Throwing
  6558 | D:8      | Reached XP level 10. HP: 83/83 MP: 10/10
  6768 | D:8      | Found a runed translucent gate.
  6768 | D:8      | Found a runed translucent gate.
  6768 | D:8      | Found a runed translucent gate.
  6769 | D:8      | Noticed Kobolds4U's ghost (novice DECj)
  6966 | D:8      | Noticed Grum
  6979 | D:8      | Killed Grum
  7569 | D:9      | Found a radiant altar of Vehumet.
  7570 | D:9      | Found an opulent altar of Gozag.
  7642 | D:9      | Received a gift from Trog
  7642 | D:9      | Reached skill level 1 in Polearms
  7672 | D:9      | Reached skill level 10 in Fighting
  7690 | D:9      | Noticed a two-headed ogre
  7698 | D:9      | Killed a two-headed ogre
  7698 | D:9      | Reached skill level 1 in Shields
  7899 | D:9      | Found a blossoming altar of Fedhas.
  8477 | D:10     | Entered Level 10 of the Dungeon
  8493 | D:10     | Noticed Urug
  8510 | D:10     | Killed Urug
  8880 | D:10     | Found a staircase to the Lair.
  8916 | D:10     | HP: 1/86 [yak (4)]
  8918 | D:10     | Slain by a basilisk

Levels and vault maps discovered:
D:1:      dpeg_arrival_ternary, layout_basic
D:2:      layout_basic, elyvilon_altar_4, chequers_ecumenical_altar_grove,
          minmay_misc_feat_room, minmay_bisected, uniq_crazy_yiuf_cottage,
          uniq_natasha
D:3:      layout_loops_cross, grunt_qazlal_clouds,
          yredelemnul_forgotten_temple_becter, first_ration, uniq_robin,
          uniq_sigmund
D:4:      layout_loops_corners, minmay_fractal_squares_5
D:5:      layout_loops_ring, gup_sewer_entry_glass
D:6:      minmay_opposing_rooms, layout_rooms, minmay_temple_entry_junction_2,
          serial_shops, nicolae_shop_stone, nicolae_shop_stone, shop_fountains,
          kennysheep_mini, nicolae_shop_trees, basic_altar,
          chequers_serial_rivers_micro_a
D:7:      statuecave_lemuel, layout_rooms, nemelex_altar_shiori,
          grunt_temple_overflow_open, the_bakery, uniq_harold, uniq_joseph
D:8:      layout_loops_corners, gammafunk_ghost_spectres, uniq_grum
D:9:      layout_irregular_city, nicolae_overflow_hidden_temple,
          serial_column_ruins, column_ruins_temple_hall,
          column_ruins_open_small, column_ruins_columns_T,
          column_ruins_columns_corner, column_ruins_columns_straight,
          column_ruins_columns_straight
D:10:     layout_roguey, minmay_lair_entry_grove, david_orc_2, uniq_urug

Skill      XL: |  1  2  3  4  5  6  7  8  9 10 |
---------------+-------------------------------+-----
Dodging        | 2 3 4 5 |  5.0
Armour         | 2 3 4 5 6 |  6.5
Short Blades   | 3 |  3.0
Maces & Flails | 1 2 3 4 5 |  5.6
Fighting       | 4 5 7 9 10 | 10.6
Throwing       | 1 2 3 5 6 |  6.3
Polearms       | 1 |  1.1
Shields        | 3 |  3.2

Action                   |  1- 3 |  4- 6 |  7- 9 | 10-12 || total
-------------------------+-------+-------+-------+-------++-------
Melee: Short sword       |    53 |       |       |       ||    53
       Kick              |    26 |    39 |    83 |    57 ||   205
       Whip              |    35 |   136 |   275 |   107 ||   553
       Dire flail        |       |       |       |    91 ||    91
Throw: Stone             |    20 |    43 |    21 |    12 ||    96
       Boomerang         |       |       |       |     3 ||     3
       Throwing net      |       |       |       |     1 ||     1
Invok: Berserk           |     3 |     3 |     6 |     4 ||    16
       Brothers in Arms  |       |       |       |     1 ||     1
 Abil: Evoke Flight      |       |       |     1 |       ||     1
  Use: Potion            |       |     6 |     2 |       ||     8
       Scroll            |       |       |     9 |     1 ||    10
 Stab: Sleeping          |       |     1 |       |     1 ||     2
       Distracted        |       |     1 |     2 |       ||     3
  Eat: Chunk             |     4 |    11 |    13 |    11 ||    39
       Ration            |       |       |       |     1 ||     1
Armor: Animal skin       |    15 |    24 |       |       ||    39
       Skin              |       |     1 |     1 |       ||     2
       Leather armour    |       |     5 |    41 |    10 ||    56
       Robe              |       |       |    20 |    52 ||    72
Dodge: Dodged            |    44 |    82 |   156 |   130 ||   412
